 Dungeon Crawl Stone Soup version 0.31-a0-1376-g36f0627844 (webtiles) character file.

Game seed: 1780980025011386514

9 Grafs the Trooper (level 2, -3/26 HPs)
             Began as a Draconian Fighter on Dec 24, 2023.
             Slain by a worm (8 damage)
             ... on level 2 of the Dungeon.
             The game lasted 00:02:32 (368 turns).

Grafs the Trooper (Draconian Fighter)                Turns: 368, Time: 00:02:33

Health: -3/26      AC:  4    Str: 18    XL:     2   Next: 3%
Magic:  2/2        EV: 12    Int:  8    God:
Gold:   26         SH:  4    Dex: 10    Spells: 1/1 levels left

rFire   . . .        a - +0 war axe
rCold   . . .        b - +0 buckler
rNeg    . . .        (body armour unavailable)
rPois   .            (helmet restricted)
rElec   .            (no cloak)
rCorr   .            (no gloves)
SInv    .            (no boots)
Will    .....        (no amulet)
Stlth   +            (no ring)
HPRegen 0.24/turn    (no ring)
MPRegen 0.08/turn

%: no passive effects
@: no status effects
A: AC +4, unfitting armour, cold-blooded
a: no special abilities


You were on level 2 of the Dungeon.
You visited 1 branch of the dungeon, and saw 2 of its levels.

You collected 26 gold pieces.

Inventory:

Hand Weapons
 a - a +0 war axe (weapon)
 f - a +0 dagger
Missiles
 e - 2 stones
Armour
 b - a +0 buckler (worn)
Talismans
 d - a beast talisman
Potions
 c - a potion of might


   Skills:
 + Level 3.5 Fighting
 + Level 2.1 Axes
 + Level 2.8 Dodging
 + Level 3.1 Shields


You had one spell level left.
You didn't know any spells.
Your spell library was empty.

Dungeon Overview and Level Annotations

Branches:
Dungeon (2/15)

Altars:

Annotations:
D:2 Natasha


Innate Abilities, Weirdness & Mutations

Your plain brown scales are hard. (AC +4)
You cannot fit into any form of body armour.
You are cold-blooded and may be slowed by cold attacks.


Message History

You slash the hobgoblin!
You kill the hobgoblin!
You have reached level 2!
Unknown command.
You start resting.
HP restored.
You start waiting.
Done waiting.
Things that are here:
a hobgoblin corpse; a hobgoblin corpse Unknown command.
There are no objects that can be picked up here. a hobgoblin corpse x2
There are no objects that can be picked up here. a hobgoblin corpse x2
You see here a jackal corpse.
Things that are here:
a hobgoblin corpse; a hobgoblin corpse You see here a +0 dagger.
f - a +0 dagger
There is an escape hatch in the floor here.
There are no items here.
You slide downwards.
The hatch slams shut behind you.
Natasha hisses angrily.
Found 21 gold pieces.
Found an escape hatch in the ceiling.
Found 4 poisoned darts.
The kobold shouts!
You hear a loud squeak.
A rat comes into view.
You barely miss the kobold.
Natasha stares at you and mumbles some strange words.
The magic dart hits you! You block the kobold's attack.
You barely miss the kobold. The kobold hits you but does no damage.
You barely miss the kobold. You barely miss Natasha. You hit the worm.
The kobold misses you. You block Natasha's attack.
The kobold hits you with a +0 dagger. The worm bites you.
You closely miss the kobold. You hit the worm. You closely miss Natasha.
Natasha claws you!
* * * LOW HITPOINT WARNING * * *
The kobold barely misses you. Natasha barely misses you. The worm bites you!
You die...

## ... ....
...$.
#######<.....
#...h@Kr....(
#....w.......
#.....$.........
####.........###
##.######## #.
#. #


You could see a worm, Natasha, a kobold and a rat.

Vanquished Creatures
  2 giant cockroaches (D:1)
  2 hobgoblins (D:1)
  2 jackals (D:1)
  A bat (D:1)
7 creatures vanquished.

Notes
Turn   | Place    | Note
-------+----------+-------------------------------------------
     0 | D:1      | Grafs the Draconian Fighter began the quest for the Orb.
     0 | D:1      | Reached XP level 1. HP: 19/19 MP: 1/1
   201 | D:1      | Reached XP level 2. HP: 14/26 MP: 2/2
   363 | D:2      | Noticed Natasha
   368 | D:2      | Slain by a worm

Illustrated notes

Levels and vault maps discovered:
D:1:      matt_arrival_spirals, layout_rooms, chequers_mini_garden,
          minmay_indecisive_spiral
D:2:      layout_basic, minmay_pentomino_pile, uniq_natasha,
          uniq_crazy_yiuf_cottage

Action                     || total
---------------------------++-------
  Melee: War axe           ||    21
         Tailslap          ||     3
 Armour: Skin              ||    17
  Dodge: Dodged            ||    20
  Block: Buckler           ||    11

Table legend: (Time is in decaauts)
 A = Elapsed time spent in this place.
 B = Non-inter-level travel time spent in this place.
 C = Inter-level travel time spent in this place.
 D = Time resting spent in this place.
 E = Time spent auto-exploring this place.
 F = Levels seen in this place.
 G = Mean time per level.
                   A        B        C        D        E       F      G
               +--------+--------+--------+--------+--------+-----+--------+
         Total |    376 |    376 |      0 |    247 |      0 |   2 |  188.0 |
       Dungeon |    376 |    376 |      0 |    247 |      0 |   2 |  188.0 |
               +--------+--------+--------+--------+--------+-----+--------+

Top non-repeatable levels by time:
     D:1: 370 daAuts
     D:2: 6 daAuts
